 Dungeon Crawl Stone Soup version 0.27.1-15-g792fb953b9 (webtiles) character file.

Game seed: 7209395655399204424

5 spaced the Skirmisher (level 1, 0/18 HPs)
             Began as a Demonspawn Abyssal Knight on Nov 20, 2021.
             Was an Initiate of Lugonu.
             Slain by a jackal (1 damage)
             ... on level 1 of the Dungeon.
             The game lasted 00:01:05 (130 turns).

spaced the Skirmisher (Demonspawn Abyssal Knight)    Turns: 130, Time: 00:01:05

Health: 0/18       AC:  3    Str: 12    XL:     1   Next: 66%
Magic:  2/2        EV: 11    Int: 13    God:    Lugonu [......]
Gold:   30         SH:  0    Dex: 12    Spells: 0/0 levels left

rFire    . . .     SeeInvis .   a - +1 falchion
rCold    . . .     Faith    .   (no shield)
rNeg     . . .     Spirit   .   b - +0 leather armour
rPois    .         Reflect  .   (no helmet)
rElec    .         Harm     .   (no cloak)
rCorr    .         Rampage  .   (no gloves)
Will     .....                  (no boots)
Stlth    +.........             (no amulet)
HPRegen  0.06/turn              (no ring)
MPRegen  0.08/turn              (no ring)

@: no status effects
A: no striking features
a: Renounce Religion


You were on level 1 of the Dungeon.
You worshipped Lugonu.
Lugonu was noncommittal.
You visited 1 branch of the dungeon, and saw 1 of its levels.
You visited the Abyss 1 time.

You collected 30 gold pieces.

Inventory:

Hand Weapons
 a - a +1 falchion (weapon)
Armour
 b - a +0 leather armour (worn)
Scrolls
 c - a scroll of identify {unknown}
Potions
 d - 2 potions of flight {unknown}


   Skills:
 + Level 3.2 Fighting
 + Level 1.8 Long Blades
 + Level 1.8 Armour
 + Level 0.9 Dodging
 + Level 2.4 Invocations


You couldn't memorise any spells.
You didn't know any spells.
Your spell library was empty.

Dungeon Overview and Level Annotations

Branches:
Dungeon (1/15)

Altars:


Message History

The jackal bites you but does no damage.
The jackal barely misses you. The hobgoblin barely misses you.
You riposte.
You barely miss the hobgoblin. The jackal closely misses you.
The jackal barely misses you.
You riposte.
You hit the jackal.
The jackal is severely wounded.
The jackal bites you.
* * * LOW HITPOINT WARNING * * *
Unknown command.
Unknown command.
You hit the jackal.
You kill the jackal!
Lugonu accepts your kill. The jackal barely misses you.
You riposte.
You hit the jackal.
The jackal is heavily wounded.
The hobgoblin barely misses you. The jackal barely misses you.
You riposte.
You closely miss the jackal.
The jackal is severely wounded.
The jackal barely misses you.
You riposte.
You hit the jackal.
You kill the jackal!
Lugonu accepts your kill.
The hobgoblin hits you but does no damage.
You hit the jackal but do no damage.
The jackal is severely wounded.
The jackal closely misses you. x2; The hobgoblin barely misses you.
You riposte.
You hit the hobgoblin.
The hobgoblin is severely wounded.
You barely miss the hobgoblin.
The hobgoblin is severely wounded.
The jackal barely misses you. The hobgoblin barely misses you.
The jackal closely misses you.
You hit the hobgoblin.
You kill the hobgoblin!
Lugonu accepts your kill.
The jackal bites you but does no damage.
You hit the jackal but do no damage.
The jackal is severely wounded.
The jackal bites you.
* * * LOW HITPOINT WARNING * * *
The jackal bites you.
You die...

#.#...#.# .#
######.......###.#..
#........#.......#.#
#........#..........
#........#..........
#........#†.........
#........#..........
#........#...h......
#...........@†......
#........#..††......
.....#...(......
.... #.......... .g.
#.......... ...
#..........
#..........
...........


You could see a jackal.

Vanquished Creatures
  A hobgoblin (D:1)
  3 jackals (D:1)
4 creatures vanquished.

Notes
Turn   | Place    | Note
-------+----------+-------------------------------------------
     0 | Abyss:1  | spaced the Demonspawn Abyssal Knight began the quest for
                  | the Orb.
     0 | Abyss:1  | Reached XP level 1. HP: 18/18 MP: 2/2
    57 | Abyss:1  | Noticed a raiju
    58 | D:1      | Escaped the Abyss
   130 | D:1      | Slain by a jackal

Illustrated notes

Levels and vault maps discovered:
D:1:      psy_arrival_spokes, layout_basic, shapermc_ecumenical_altar_acropolis

Action                   || total
-------------------------++-------
Melee: Falchion          ||    13
Invok: Depart the Abyss  ||     1
Armor: Leather armour    ||    12
Dodge: Dodged            ||    24
       Rpst.: Falchion   ||    13
